 Dungeon Crawl Stone Soup version 0.31-a0-1206-g41278d8d1d (webtiles) character file.

Game seed: 17853152368076884790

72167 Firecrotchwizard the Warrior (level 15, -1/223 (228) HPs)
             Began as a Hill Orc Berserker on Dec 14, 2023.
             Was the Champion of Trog.
             Slain by an orange demon (9 damage)
             ... summoned by an orc sorcerer
             ... while paralysed by an orc sorcerer
             ... on level 2 of the Orcish Mines.
             The game lasted 00:42:00 (23632 turns).

Firecrotchwizard the Warrior (Hill Orc Berserker)  Turns: 23632, Time: 00:42:00

HP:   -1/223 (228)  AC: 26    Str: 34    XL:     15   Next: 39%
MP:   15/15         EV:  2    Int:  7    God:    Trog [******]
Gold: 1477          SH:  0    Dex: 10    Spells: 14/14 levels left

rFire   . . .        T - +11 battleaxe "Orb Guardian's Curse" {flame, ^Fragile Str+6}
rCold   . . .        (shield currently unavailable)
rNeg    . . .        l - +0 plate armour
rPois   .            H - +2 helmet {SInv}
rElec   .            C - +2 cloak
rCorr   .            (no gloves)
SInv    +            (no boots)
Will    +....        y - amulet of faith Stlth
                     k - +4 ring of protection
HPRegen 0.57/turn    B - +5 ring of evasion
MPRegen 0.14/turn

%: faith
@: paralysed, berserking, weakened, lightly drained
A: no striking features
a: Renounce Religion, Convert to Beogh, Berserk, Trog's Hand, Brothers in Arms


You were on level 2 of the Orcish Mines.
You worshipped Trog.
Trog was exalted by your worship.
You visited 3 branches of the dungeon, and saw 18 of its levels.

You collected 1477 gold pieces.

Inventory:

Hand Weapons
 E - a +0 battleaxe
 R - a +1 war axe of venom
 T - the +11 battleaxe "Orb Guardian's Curse" (weapon) {flame, ^Fragile Str+6}
   (Trog gifted it to you on level 4 of the Lair of Beasts)

   Str+6:     It affects your strength (+6).
   ^Fragile:  It will be destroyed if unequipped.
Missiles
 o - 36 poisoned darts
 P - 11 boomerangs
 Q - 5 throwing nets {@!f}
 U - 3 silver javelins
Armour
 l - a +0 plate armour (worn)
 C - a +2 cloak (worn)
 H - a +2 helmet of see invisible (worn)
Jewellery
 b - an amulet of guardian spirit
 k - a +4 ring of protection (left hand)
 r - a ring of ice
 y - an amulet of faith (around neck)
 B - a +5 ring of evasion (right hand)
 K - a ring of ice
 M - a +4 ring of slaying
 O - an amulet of reflection
 S - a +4 ring of protection
 V - a +5 ring of evasion
 W - an amulet of the acrobat
 Y - a ring of protection from fire
Wands
 n - a wand of flame (18)
 J - a wand of acid (6)
 N - a wand of paralysis (8)
Scrolls
 a - 2 scrolls of fear
 f - 4 scrolls of fog
 p - 5 scrolls of immolation
 t - 5 scrolls of teleportation
 z - a scroll of poison
 G - 2 scrolls of noise
 L - a scroll of torment
 X - a scroll of enchant armour
Potions
 c - a potion of lignification
 d - 2 potions of might
 e - 9 potions of curing
 h - 7 potions of heal wounds
 j - a potion of magic {unknown}
 m - a potion of ambrosia
 q - 4 potions of attraction
 s - 2 potions of cancellation
 u - 3 potions of haste
 v - 2 potions of brilliance
 w - a potion of enlightenment {unknown}
 x - 2 potions of mutation
 A - 2 potions of berserk rage
 D - a potion of resistance
 I - 2 potions of invisibility
Miscellaneous
 g - a tin of tremorstones (2/2)
 F - a phial of floods


   Skills:
 + Level 19.1 Fighting
 + Level 18.9 Axes
 - Level 11.3 Throwing
 + Level 11.9 Armour
 - Level 2.0 Dodging


You had 14 spell levels left.
You didn't know any spells.
Your spell library was empty.

Dungeon Overview and Level Annotations

Branches:
Dungeon (11/15)            Temple (0/1) D:6            Lair (5/5) D:11
  Swamp (0/4) Lair:3       Spider (0/4) Lair:2        Slime (0/5) Lair:5
    Orc (2/2) D:11            Elf (0/3) Orc:2

Altars:
Dithmenos
Gozag
Hepliaklqana
Kikubaaqudgha
Makhleb
Nemelex Xobeh
Uskayaw
Vehumet
Wu Jian
Zin
Beogh
Jiyva

Shops:
D:11 :   Orc:2 [

Portals:
Trove: D:11 (give 4 scrolls of fear)

Annotations:
D:3 2 transporters
D:6 1 runed translucent door, Crazy Yiuf


Message History

You slash the orc knight! You burn the orc knight.
You kill the orc knight!
Trog accepts your kill.
You hit the sun demon. You barely miss the hellwing.
The sun demon hits you but does no damage.
The hellwing hits you.
* * * LOW HITPOINT WARNING * * *
The hellwing hits you but does no damage.
The orc sorcerer casts a spell.
The orc high priest prays to Beogh.
The orc sorcerer gestures at you while chanting.
The bolt of fire hits the sun demon.
The sun demon completely resists.
The bolt of fire hits you!
* * * LOW HITPOINT WARNING * * *
The orc priest shouts, "Surrender to Beogh and we'll let you live!"
You chop the hellwing into pieces!!! You burn the hellwing!
You kill the hellwing!
The hellwing disappears in a puff of smoke!
You slash the sun demon!
You kill the sun demon!
The sun demon disappears in a puff of smoke!
The orc high priest no longer looks unusually strong.
The orange demon misses you.
The orc sorcerer gestures at you while chanting.
The bolt of negative energy hits you!
You feel drained.
* * * LOW HITPOINT WARNING * * *
The orc high priest barely misses you.
The orange demon stings you but does no damage.
The orange demon completely misses you.
A red film seems to cover your vision as you go berserk!
You feel yourself moving faster!
You feel mighty!
The orc sorcerer no longer looks unusually strong.
The orc sorcerer hits you with a +0 dagger.
* * * LOW HITPOINT WARNING * * *
The orc sorcerer hits you but does no damage.
The smoke demon gestures at you. Beogh smites you!
* * * LOW HITPOINT WARNING * * *
The orc high priest prays to Beogh.
The orange demon stings you!
* * * LOW HITPOINT WARNING * * *
The orange demon hits you.
* * * LOW HITPOINT WARNING * * *
You feel your attacks grow feeble.
The orc priest shouts, "Join the one true god or die!"
You open the orc high priest like a pillowcase!!!
You burn the orc high priest!
The orc high priest is almost dead.
You barely miss the orc sorcerer. You hit the orc sorcerer.
You burn the orc sorcerer. You slash the orange demon!
You burn the orange demon.
The orc high priest shouts, "Surrender to Beogh and we'll let you live!"
The orc high priest shouts, "Join the one true god or die!"
The orange demon disappears in a puff of smoke!
The orc sorcerer casts a spell at you. You resist with some effort.
The orc sorcerer hits you but does no damage.
The orc high priest hits you but does no damage.
The orc priest shouts, "Beogh is our master!
Accept the truth or die!"
You slice the orc high priest!! You burn the orc high priest.
You kill the orc high priest!
Trog accepts your kill.
The ice devil disappears in a puff of smoke!
The smoke demon disappears in a puff of smoke!
You barely miss the orc sorcerer. You hit the orc high priest.
You burn the orc high priest. You hit the orc sorcerer.
You burn the orc sorcerer. You slice the soul eater!! You burn the soul eater.
The orc high priest threatens, "By the altar or by the axe, you will meet Beogh!"
You closely miss the orc sorcerer.
The orc sorcerer is heavily wounded.
You closely miss the orc sorcerer.
You completely miss the orc high priest.
You hit the soul eater but do no damage.
The orc high priest shouts, "Surrender to Beogh and we'll let you live!"
The orc sorcerer barely misses you.
The orc sorcerer points at you and mumbles some strange words.
You suddenly lose the ability to move!
The orc high priest hits you but does no damage.
The orange demon stings you but does no damage.
The orc high priest threatens, "By the altar or by the axe, you will meet Beogh!"
The orc sorcerer no longer looks unusually strong.
The orc high priest calls down the wrath of Beogh upon you.
Beogh smites you!
* * * LOW HITPOINT WARNING * * *
The orc sorcerer hits you with a +0 dagger.
* * * LOW HITPOINT WARNING * * *
The soul eater hits you.
* * * LOW HITPOINT WARNING * * *
You feel drained.
The orc sorcerer hits you but does no damage.
The orc priest hits you but does no damage.
The orange demon stings you but does no damage.
The orc high priest hits you with a +0 mace.
* * * LOW HITPOINT WARNING * * *
The orc sorcerer hits you but does no damage.
The soul eater barely misses you.
The orc sorcerer hits you but does no damage.
The orc priest hits you with a +0 dagger.
* * * LOW HITPOINT WARNING * * *
The orange demon stings you from afar!
You die...

# .. ## ##.# .∩##
.....## ..##
......o##..#
.....§o@o).#
....§.3o#))#
.....4.##..##
......##.)))#
.#.#......#)#
#.#.....##.#
#.#...###..#
#.######.§##
...####.####...##


You could see a soul eater (summoned), an orc high priest, an orange demon
(summoned), 2 orc sorcerers and an orc priest (strong).

Vanquished Creatures
  Josephine (D:11)
  Fannar (D:10)
  Harold (D:10)
  6 hydras
  A catoblepas (Lair:5)
  An alligator (Lair:3)
  A merfolk avatar (Lair:5)
  4 two-headed ogres
  3 boulder beetles
  2 death yaks
  2 orc high priests (Orc:2)
  4 skysharks (Lair:5)
  2 sea snakes (Lair:5)
  6 lindwurms
  A deep elf pyromancer (D:7)
  5 orc knights (Orc:2)
  3 ugly things
  2 cyclopes
  2 orc sorcerers (Orc:2)
  3 manticores
  A wolf spider (Lair:2)
  19 elephants
  A kobold blastminer (Orc:2)
  16 cane toads
  4 black mambas
  2 torpor snails
  6 rime drakes
  5 komodo dragons
  6 polar bears
  4 hornets
  Grinder (D:6)
  4 trolls
  A wind drake (Lair:5)
  30 blink frogs
  2 snapping turtles (Lair:5)
  2 slime creatures
  8 wraiths
  Sigmund (D:4)
  A culicivora (Lair:2)
  50 yaks
  2 vampires
  A shadow (D:10)
  4 steam dragons
  2 wyverns
  A basilisk (Lair:1)
  An acid dragon (D:8)
  14 water moccasins
  A swamp drake (Lair:3)
  10 orc warriors
  4 black bears
  2 ice beasts
  An ogre (Orc:1)
  A sky beast (D:8)
  17 wolves
  6 centaurs
  2 kobold brigands
  8 bullfrogs
  2 gnoll sergeants
  5 scorpions
  10 wights
  Dowan (D:6)
  8 killer bees
  3 howler monkeys
  5 hounds
  3 jellies
  A gnoll bouda (D:7)
  12 orc priests
  3 iguanas
  A sleepcap (D:7)
  12 hell rats
  14 orc wizards
  9 gnolls
  6 adders
  2 shadow imps (D:7)
  4 white imps
  2 worms
  2 dart slugs
  35 orcs
  8 ball pythons
  4 bats
  6 endoplasms
  4 giant cockroaches
  5 goblins
  5 hobgoblins
  4 jackals (D:1)
  12 kobolds
  3 quokkas
  7 frilled lizards
  A kobold zombie (D:5)
  An orc zombie (D:5)
  A rat zombie (D:5)
493 creatures vanquished.

Vanquished Creatures (collateral kills)
  A hydra (Lair:2)
  A cyclops (D:11)
  3 yaks (Lair:2)
5 creatures vanquished.

Grand Total: 498 creatures vanquished

Notes
Turn   | Place    | Note
-------+----------+-------------------------------------------
     0 | D:1      | Firecrotchwizard the Hill Orc Berserker began the quest for
                  | the Orb.
     0 | D:1      | Reached XP level 1. HP: 19/19 MP: 1/1
   154 | D:1      | Reached XP level 2. HP: 6/27 MP: 2/2
   276 | D:1      | Found a faded altar of an unknown god.
   635 | D:1      | Reached XP level 3. HP: 33/33 MP: 3/3
   653 | D:1      | Reached skill level 4 in Fighting
  1081 | D:2      | Reached ** piety under Trog
  1156 | D:2      | You fall into a shaft and drop 2 floors!
  1248 | D:3      | Reached skill level 5 in Axes
  1283 | D:3      | Found a transporter.
  1310 | D:3      | Found a transporter.
  1377 | D:3      | Reached XP level 4. HP: 29/40 MP: 4/4
  2092 | D:2      | Found a sparkling altar of Nemelex Xobeh.
  2763 | D:4      | Reached XP level 5. HP: 47/47 MP: 5/5
  3111 | D:4      | Found a sparkling altar of Nemelex Xobeh.
  3124 | D:4      | Reached skill level 5 in Fighting
  3124 | D:4      | Reached XP level 6. HP: 35/56 MP: 6/6
  3451 | D:4      | Found an opulent altar of Gozag.
  3454 | D:4      | Found a radiant altar of Vehumet.
  3457 | D:4      | Found a glowing silver altar of Zin.
  3457 | D:4      | Noticed Sigmund
  3464 | D:4      | Killed Sigmund
  3625 | D:4      | Reached XP level 7. HP: 56/61 MP: 7/7
  3655 | D:4      | Found a hazy altar of Hepliaklqana.
  3908 | D:5      | Entered Level 5 of the Dungeon
  4215 | D:5      | Reached skill level 6 in Fighting
  4249 | D:5      | Reached skill level 5 in Armour
  4385 | D:5      | Noticed a yak
  4386 | D:5      | Noticed a yak
  4386 | D:5      | Noticed a yak
  4415 | D:5      | Noticed a yak
  4419 | D:5      | Killed a yak
  4420 | D:5      | Reached XP level 8. HP: 71/71 MP: 8/8
  4424 | D:5      | Killed a yak
  4428 | D:5      | Killed a yak
  4429 | D:5      | Reached skill level 7 in Fighting
  4429 | D:5      | Reached skill level 10 in Axes
  4434 | D:5      | Killed a yak
  4984 | D:5      | Reached XP level 9. HP: 24/79 MP: 9/9
  5179 | D:5      | Identified the +0 robe of Vaghyxt {Dex+2}
  5336 | D:6      | Noticed Grinder
  5348 | D:6      | Killed Grinder
  5517 | D:6      | Found a staircase to the Ecumenical Temple.
  5558 | D:6      | Reached skill level 8 in Fighting
  6090 | D:6      | Found a runed translucent door.
  6091 | D:6      | Noticed Crazy Yiuf
  6229 | D:6      | Noticed Dowan
  6263 | D:6      | Killed Dowan
  6318 | D:7      | Reached *** piety under Trog
  6344 | D:7      | Found a roughly hewn altar of Beogh.
  6412 | D:7      | Found an ancient bone altar of Kikubaaqudgha.
  6563 | D:7      | Noticed a hornet
  6582 | D:7      | Paralysed by a hornet for 3 turns
  6589 | D:7      | Killed a hornet
  7171 | D:7      | Noticed a green ugly thing
  7171 | D:7      | HP: 2/82 [slime creature (10)]
  7171 | D:7      | Noticed a deep elf pyromancer
  7173 | D:7      | Noticed a two-headed ogre
  8222 | D:7      | Reached skill level 9 in Fighting
  8222 | D:7      | Reached XP level 10. HP: 73/91 MP: 10/10
  8502 | D:7      | Killed a two-headed ogre
  8643 | D:7      | Killed a green ugly thing
  9132 | D:7      | Killed a deep elf pyromancer
  9507 | D:8      | Reached skill level 10 in Fighting
  9520 | D:8      | Reached skill level 15 in Axes
  9695 | D:8      | Found a hide-covered altar of Uskayaw.
 10347 | D:9      | Noticed a two-headed ogre
 10350 | D:9      | Reached XP level 11. HP: 101/101 MP: 11/11
 10359 | D:8      | Killed a two-headed ogre
 10628 | D:9      | Found a burning altar of Makhleb.
 11015 | D:9      | Noticed a two-headed ogre
 11044 | D:9      | Killed a two-headed ogre
 11103 | D:9      | Reached skill level 11 in Fighting
 11245 | D:10     | Entered Level 10 of the Dungeon
 11313 | D:10     | Noticed Fannar
 11336 | D:10     | Killed Fannar
 11337 | D:10     | Reached skill level 10 in Armour
 11608 | D:10     | Noticed a two-headed ogre
 11614 | D:10     | Killed a two-headed ogre
 11732 | D:10     | Reached **** piety under Trog
 11815 | D:10     | Noticed a cyan ugly thing
 11817 | D:10     | Noticed a manticore
 11817 | D:10     | Noticed a cyclops
 11819 | D:10     | Noticed a purple ugly thing
 11829 | D:10     | Killed a cyclops
 11960 | D:10     | Killed a cyan ugly thing
 12317 | D:10     | Killed a manticore
 12318 | D:10     | Reached XP level 12. HP: 111/112 MP: 12/12
 12549 | D:10     | Noticed Harold
 12560 | D:10     | Reached skill level 12 in Fighting
 12570 | D:10     | Killed Harold
 12966 | D:10     | Found a shadowy altar of Dithmenos.
 13144 | D:11     | Found a staircase to the Lair.
 13289 | D:11     | Found a portal to a secret trove of treasure.
 13337 | D:11     | Found a staircase to the Orcish Mines.
 13488 | D:11     | Noticed Josephine
 13501 | D:11     | Killed Josephine
 13504 | D:11     | Reached ***** piety under Trog
 13688 | D:11     | Found Ninimil's Self-Published Books.
 14200 | Lair:1   | Entered Level 1 of the Lair of Beasts
 14264 | Lair:1   | Reached skill level 1 in Throwing
 14267 | Lair:1   | Reached skill level 13 in Fighting
 15030 | Lair:1   | You fall into a shaft and drop 1 floor!
 15213 | Lair:2   | Reached XP level 13. HP: 98/123 MP: 13/13
 15222 | Lair:2   | Reached skill level 14 in Fighting
 15566 | Lair:1   | Reached skill level 5 in Throwing
 17040 | Lair:2   | Found a hole to the Spider Nest.
 17053 | Lair:2   | Reached skill level 15 in Fighting
 18156 | Lair:3   | Reached skill level 16 in Fighting
 18457 | Lair:3   | Reached XP level 14. HP: 117/137 MP: 14/14
 18467 | Lair:3   | Found an ornate altar of the Wu Jian Council.
 18467 | Lair:3   | Found a hide-covered altar of Uskayaw.
 18823 | Lair:3   | Found a staircase to the Swamp.
 19163 | Lair:4   | Identified the +11 battleaxe "Orb Guardian's Curse" {flame,
                  | ^Fragile Str+6} (Trog gifted it to you on level 4 of the
                  | Lair of Beasts)
 19163 | Lair:4   | Received a gift from Trog
 19618 | Lair:3   | Reached skill level 17 in Fighting
 20537 | Lair:4   | Identified the +2 plate armour of Ypeocooc {-Tele rElec rC+
                  | Int+2}
 20546 | Lair:5   | Entered Level 5 of the Lair of Beasts
 20610 | Lair:5   | Reached skill level 10 in Throwing
 20678 | Lair:5   | Reached ****** piety under Trog
 20911 | Lair:5   | Found a viscous altar of Jiyva.
 20913 | Lair:5   | Found a staircase to the Slime Pits.
 20913 | Lair:5   | Identified the +0 ring mail of Indecent Exposure {Dex+4}
 20980 | Lair:5   | Reached skill level 18 in Fighting
 21425 | Lair:5   | Received a gift from Trog
 21434 | Lair:5   | Reached XP level 15. HP: 97/150 MP: 15/15
 22630 | Lair:5   | Identified the +6 trident of Pain and Death {flame, Str+5}
 23236 | Orc:1    | Entered Level 1 of the Orcish Mines
 23429 | Orc:2    | Entered Level 2 of the Orcish Mines
 23429 | Orc:2    | Found a staircase to the Elven Halls.
 23591 | Orc:2    | Found Zuusm's Antique Armour Emporium.
 23601 | Orc:2    | Reached skill level 19 in Fighting
 23607 | Orc:2    | Received a gift from Trog
 23630 | Orc:2    | Paralysed by an orc sorcerer for 4 turns
 23632 | Orc:2    | HP: 10/223 [orc high priest/+0 mace (6)]
 23632 | Orc:2    | Slain by an orange demon

Illustrated notes

Levels and vault maps discovered:
D:1:      scummos_arrival_simple_fountains, layout_loops_ring,
          shapermc_ecumenical_altar_flowoftime, corexii_corridor_pit
D:2:      wander_river, layout_loops_ring, basic_altar
D:3:      gammafunk_steamed_eel, layout_basic
D:4:      layout_loops_cross, nemelex_xobeh_ov_fountains_minmay,
          mainiacjoe_overflow_alcove_4, grunt_temple_overflow_diamond,
          uniq_sigmund
D:5:      layout_basic, enter_ossuary_3
D:6:      layout_basic, minmay_temple_entry_ruins, minmay_misc_feat_tiny,
          uniq_crazy_yiuf_cottage, uniq_duvessa, uniq_grinder
D:7:      minmay_slanted_spiral_squares, layout_rooms,
          nicolae_kikubaaqudgha_miasma_corner, david_defended_altar_orc
D:8:      layout_gridville, overflow_temple_1_default
D:9:      cheibrodos_barr_body, layout_rooms, mainiacjoe_overflow_catwalk
D:10:     layout_loops_ring, marbit_many_paths, grunt_tough_drop, uniq_fannar,
          uniq_harold
D:11:     layout_long_grid, lair_entry_dummy, orc_0_dummy,
          nicolae_trove_entry_columns, nicolae_custom_books,
          chequers_serial_rivers_room_b, uniq_josephine
Lair:1:   layout_chaotic_city, grunt_megastairs_3
Lair:2:   layout_cave_pods, spider_nest_entry_funnel_web, lemuel_fruit_tree,
          serial_bayou_shore_b
Lair:3:   layout_misc_corridors, mainiacjoe_swamp_entry_lozenge_pond,
          nzn_masters_of_martial_movement, grunt_megastairs_4
Lair:4:   nzn_winding_woodlands_small [nzn_winding_woodlands_5x15_split_checker,
          nzn_winding_woodlands_center_diamonds,
          nzn_winding_woodlands_5x15_crooked], layout_cave_pods,
          gauntlet_entry_generic, minmay_lindwurm_lava
Lair:5:   gammafunk_lair_ancient_temple, layout_loops_ring,
          minmay_slime_entry_oklob_enclosed
Orc:1:    layout_caves
Orc:2:    st_orc_elflike, layout_caves, uniq_sonja

Skill      XL: |  1  2  3  4  5  6  7  8  9 10 11 12 13 14 15 |
---------------+----------------------------------------------+-----
Fighting       | 4 5 6 7 9 10 11 13 16 18 19 | 19.1
Dodging        | 2 |  2.0
Axes           | 5 6 7 9 10 13 15 17 18 | 18.9
Armour         | 3 4 5 6 7 9 10 11 | 11.9
Throwing       | 4 8 10 11 | 11.3

Action                     |  1- 3 |  4- 6 |  7- 9 | 10-12 | 13-15 || total
---------------------------+-------+-------+-------+-------+-------++-------
  Melee: Hand axe          |   141 |   155 |   277 |       |       ||   573
         Punch             |       |     1 |     4 |       |       ||     5
         Mace              |       |       |    33 |       |    18 ||    51
         War axe           |       |       |       |   506 |   234 ||   740
         Battleaxe         |       |       |       |       |   270 ||   270
 Invoke: Berserk           |     1 |     1 |     7 |     9 |     6 ||    24
         Trog's Hand       |       |       |     1 |     1 |     1 ||     3
         Brothers in Arms  |       |       |       |       |     1 ||     1
    Use: Scroll            |       |       |     9 |    13 |     9 ||    31
         Potion            |       |       |     2 |       |       ||     2
 Armour: Animal skin       |    30 |       |       |       |       ||    30
         Scale mail        |    49 |       |       |       |       ||    49
         Chain mail        |    18 |   107 |   270 |    43 |       ||   438
         Plate armour      |       |       |       |   322 |   691 ||  1013
  Dodge: Dodged            |    64 |    55 |   127 |   158 |   241 ||   645
  Block: Buckler           |       |       |       |    44 |    60 ||   104

Table legend: (Time is in decaauts)
 A = Elapsed time spent in this place.
 B = Non-inter-level travel time spent in this place.
 C = Inter-level travel time spent in this place.
 D = Time resting spent in this place.
 E = Time spent auto-exploring this place.
 F = Levels seen in this place.
 G = Mean time per level.
                   A        B        C        D        E       F      G
               +--------+--------+--------+--------+--------+-----+--------+
         Total |  23679 |  22584 |   1095 |   7782 |  11734 |  18 | 1315.5 |
       Dungeon |  14701 |  13905 |    796 |   4578 |   7444 |  11 | 1336.5 |
          Lair |   8597 |   8319 |    278 |   3199 |   4001 |   5 | 1719.4 |
  Orcish Mines |    380 |    360 |     20 |      4 |    288 |   2 |  190.0 |
               +--------+--------+--------+--------+--------+-----+--------+

Top non-repeatable levels by time:
     D:7: 3350 daAuts
  Lair:2: 2324 daAuts
  Lair:5: 2292 daAuts
  Lair:3: 1534 daAuts
     D:4: 1525 daAuts
    D:10: 1498 daAuts
  Lair:4: 1310 daAuts
     D:9: 1191 daAuts
     D:5: 1173 daAuts
  Lair:1: 1136 daAuts
    D:11: 1108 daAuts
     D:1: 1086 daAuts
     D:8: 1021 daAuts
     D:6: 976 daAuts
     D:3: 944 daAuts
